 Dungeon Crawl Stone Soup version 0.22-a0-407-gb098539 (webtiles) character file.

80 KristoblXynda the Ruffian (level 4, -3/39 HPs)
             Began as a Troll Wizard on May 9, 2018.
             Slain by a gnoll
             ... wielding a +0 halberd
              (18 damage)
             ... on level 3 of the Dungeon.
             The game lasted 00:03:58 (1535 turns).

KristoblXynda the Ruffian (Troll Wizard)            Turns: 1535, Time: 00:03:59

Health: -3/39      AC:  5    Str: 15    XL:     4   Next: 18%
Magic:  6/6        EV:  9    Int: 15    God:
Gold:   85         SH:  0    Dex:  8    Spells: 6/7 levels left

rFire    . . .     SeeInvis .     - Unarmed
rCold    + . .     Gourm    +   (no shield)
rNeg     . . .     Faith    .   a - +0 robe
rPois    .         Spirit   .   b - +0 hat
rElec    .         Reflect  .   (no cloak)
rCorr    .         Harm     .   (gloves unavailable)
MR       .....     Rnd*Tele +   (boots unavailable)
Stlth    +.........             (no amulet)
HPRegen  0.53/turn              p - ring of teleportation (curse)
MPRegen  0.10/turn              c - ring of protection from cold

@: lethally poisoned (-3 -> -5)
A: large, unfitting armour, claws 3, fast metabolism 3, gourmand, regeneration
1, shaggy fur 1, tough skin 2
a: no special abilities


You were on level 3 of the Dungeon.
You were full.

You visited 1 branch of the dungeon, and saw 3 of its levels.

You collected 85 gold pieces.

Inventory:

Armour
 a - a +0 robe (worn)
 b - a +0 hat (worn)
Jewellery
 c - a ring of protection from cold (right claw)
 p - a cursed ring of teleportation (left claw)
Scrolls
 i - a scroll of identify {unknown}
 j - a scroll of blinking {unknown}
 k - a scroll of fear {unknown}
 l - a scroll of teleportation {unknown}
 n - a scroll of remove curse {unknown}
 o - a scroll of immolation {unknown}
Potions
 e - 2 potions of degeneration {unknown}
 f - a potion of haste {unknown}
 g - a potion of brilliance {unknown}
 h - a potion of resistance {unknown}
 m - a potion of mutation {unknown}
Comestibles
 d - 5 rations


   Skills:
 - Level 1.5 Dodging
 - Level 1.0 Stealth
 * Level 2.5 Unarmed Combat
 - Level 2.0 Spellcasting
 * Level 2.1 Conjurations
   Level 0.6 Summonings
   Level 0.6 Translocations


You had 6 spell levels left.
You knew the following spells:

 Your Spells              Type           Power        Failure   Level  Hunger
a - Magic Dart            Conj           #...         9%          1    #......


Dungeon Overview and Level Annotations

Branches:
Dungeon (3/15)

Altars:


Innate Abilities, Weirdness & Mutations

You are too large for most types of armour.
You have claws for hands.
Your metabolism is lightning-fast.
You like to eat raw meat.
Your natural rate of healing is unusually fast.
You are covered in fur. (AC +1)
You have very tough skin. (AC +2)


Message History

The jackal bites you.
The jackal bites you but does no damage.
As you read the scroll labeled YLIRYQE ZIGI, it crumbles to dust.
The scroll dissolves into smoke.
It was a scroll of fog.
The jackal misses you.
The jackal bites you but does no damage.
The jackal closely misses you.
Unknown command.
Sorry, you're not good enough to have a special ability.
Unknown command.
Sorry, you're not good enough to have a special ability.
You scratch the jackal.
You kill the jackal!
The jackal bites you.
You claw the jackal!
You kill the jackal!
The gnoll hits you from afar with a spear of venom!
You are poisoned.
You feel sick.
The gnoll hits you from afar with a halberd!!
You die...

... #### ..# ..
#§§# ..# .(
##@###### ##..#
#.
#§gg...###...
#. ######..##.#
#. ##....###
#.########.
###....#
#>.........
##g#.....
#.......... #.#
#.##
#..<....... #.#
.
#####..........
##.#


You could see 2 gnolls.

Vanquished Creatures
  A gnoll (D:1)
  3 adders (D:2)
  A leopard gecko (D:1)
  4 goblins
  7 hobgoblins
  6 jackals
  5 kobolds
  A quokka (D:2)
  5 bats
  2 frilled lizards (D:2)
  4 rats (D:1)
39 creatures vanquished.

Notes
Turn   | Place    | Note
-------+----------+-------------------------------------------
     0 | D:1      | KristoblXynda the Troll Wizard began the quest for the Orb.
     0 | D:1      | Reached XP level 1. HP: 16/16 MP: 2/2
    49 | D:1      | Reached skill level 1 in Conjurations
    54 | D:1      | Reached skill level 1 in Unarmed Combat
    55 | D:1      | Reached XP level 2. HP: 23/24 MP: 4/4
   349 | D:1      | Reached XP level 3. HP: 19/31 MP: 5/5
   782 | D:2      | Found a faded altar of an unknown god.
  1022 | D:2      | Reached XP level 4. HP: 34/39 MP: 6/6
  1535 | D:3      | Slain by a gnoll

Vault maps used:
D:1:      ncdulo_lavacross, minmay_misc_feat_iff
D:2:      chequers_ecumenical_altar_simple
D:3:      lemuel_crystal_altar, first_ration

Skill      XL: |  1  2  3 |
---------------+----------+-----
Conjurations   | 1 2 |  2.1
Unarmed Combat | 1 2 |  2.5
Dodging        | |  1.5
Stealth        | |  1.0
Spellcasting   | |  2.0
Summonings     | |  0.6
Translocations | |  0.6

Action                   |  1- 3 |  4- 6 || total
-------------------------+-------+-------++-------
Melee: Unarmed           |   123 |     9 ||   132
  Use: Scroll            |       |     1 ||     1
  Eat: Chunk             |    15 |     1 ||    16
Armor: Robe              |    45 |    14 ||    59
Dodge: Dodged            |    73 |    12 ||    85

Table legend:
 A = Spawn XP
 B = Non-spawn XP
 C = Spawn XP percentage of total XP
 D = Spawn monster count
 E = Non-spawn monster count
 F = Spawn count percentage of total count
 G = Total turns spent on level
                    A         B        C        D         E        F      G
               +---------+---------+-------+---------+---------+-------+---------
         Total |       0 |     115 |   0.0 |       0 |      39 |   0.0 |  1535
               +---------+---------+-------+---------+---------+-------+---------
           D:1 |       0 |      56 |   0.0 |       0 |      24 |   0.0 |   564
           D:2 |       0 |      55 |   0.0 |       0 |      13 |   0.0 |   904
           D:3 |       0 |       4 |   0.0 |       0 |       2 |   0.0 |    67
               +---------+---------+-------+---------+---------+-------+---------
